 Dungeon Crawl Stone Soup version 0.18-a0-1577-gf591c28 (webtiles) character file.

4847 M4edhros the Covert (level 10, -26/58 HPs)
             Began as an Octopode Artificer on Mar 23, 2016.
             Killed from afar by a fire dragon (38 damage)
             ... with a blast of flame
             ... on level 5 of the Dungeon.
             The game lasted 00:27:39 (19589 turns).

M4edhros the Covert (Octopode Artificer)           Turns: 19589, Time: 00:27:39

Health: -26/58     AC:  1    Str: 15    XL:     10   Next: 49%
Magic:  11/11      EV: 11    Int: 16    God:    Xom [......]
Gold:   548        SH:  3    Dex: 16    Spells: 0 memorised, 9 levels left

rFire  . . .     SeeInvis .     z - +7 spear of Ru's Hope {flame, Str+4}
rCold  . . .     Gourm    .     T - +0 buckler
rNeg   . . .     Faith    .     (helmet restricted)
rPois  +         Spirit   .     (no amulet)
rElec  .         Dismiss  .     w - ring of poison resistance
rCorr  .         Reflect  .     S - ring of flight
SustAt .         Harm     .     (no ring)
MR     +....     Rnd*Rage +     (no ring)
Stlth  +++++++...               (no ring)
                                (no ring)
                                (no ring)
                                (no ring)

@: somewhat resistant to hostile enchantments, extremely stealthy
A: almost no armour, amphibious, 8 rings, constrict 8, camouflage 1, berserk 1,
clever 1, low mp 1, magic resistance 1, sense surroundings 1, gelatinous body 1
a: Renounce Religion, Evoke Flight


You were on level 5 of the Dungeon.
You worshipped Xom.
You were a very special plaything of Xom.
You were hungry.

You visited 2 branches of the dungeon, and saw 10 of its levels.
You also visited: Sewer.

You collected 548 gold pieces.

Inventory:

Hand Weapons
 a - a +0 short sword
 e - a +3 hunting sling
 l - a +4 quarterstaff of chaos
 s - a +0 blowgun
 z - the +7 spear of Ru's Hope (weapon) {flame, Str+4}
   (You found it on level 4 of the Dungeon)

   It has been specially enchanted to burn those struck by it, causing extra
   injury to most foes and up to half again as much damage against particularly
   susceptible opponents.
   It affects your strength (+4).
 G - a +4 short sword of chaos
 J - a +0 halberd of protection
Missiles
 g - 248 stones (quivered)
 n - 13 bolts of frost
 t - 55 poisoned needles
 C - 9 needles of confusion
 I - 22 sling bullets
Armour
 T - a +0 buckler (worn)
Magical Staves
 m - an uncursed staff of power
 o - an uncursed staff of energy
Jewellery
 w - a ring of poison resistance (left tentacle)
 S - a ring of flight (right tentacle)
Wands
 b - a wand of flame (5/48)
 c - a wand of enslavement (4/24)
 d - a wand of random effects (14/48)
 E - a wand of iceblast (8/15)
 F - a wand of digging (15/24)
 H - a wand of lightning (4/15)
 M - a wand of polymorph (10/24)
 N - a wand of random effects (17/48)
 R - a wand of flame (28/48)
Scrolls
 i - 4 scrolls of remove curse
 j - a scroll of fear
 p - a scroll of enchant weapon
 q - 2 scrolls of amnesia
 u - 6 scrolls of recharging
 v - a scroll of fog
 x - a scroll of immolation
 y - a scroll of teleportation
 A - a scroll of torment
 B - a scroll of magic mapping
 L - a scroll of enchant armour
Potions
 h - a potion of degeneration
 r - a potion of flight
 D - a potion of brilliance
 K - a potion of might
Books
 O - a book of the Dragon

   Spells                             Type                      Level
   a - Flame Tongue                   Conjuration/Fire             1
   b - Cause Fear                     Hexes                        4
   c - Bolt of Fire                   Conjuration/Fire             6
   d - Dragon Form                    Transmutation                7
   e - Dragon's Call                  Summoning                    9
 P - a book of Enchantments

   Spells                             Type                      Level
   a - Cause Fear                     Hexes                        4
   b - Yara's Violent Unravelling     Hexes/Transmutation          5
   c - Silence                        Hexes/Air                    5
   d - Deflect Missiles               Charms/Air                   6
   e - Haste                          Charms                       6
   f - Discord                        Hexes                        8
Comestibles
 f - 5 bread rations
 k - 13 royal jellies


   Skills:
 - Level 1.0 Fighting
 - Level 1.0 Short Blades
 + Level 5.7 Polearms
 - Level 7.1 Slings
 + Level 7.1 Dodging
 * Level 13.4 Stealth
 * Level 0.0 Shields
 - Level 3.2 Evocations


You had 9 spell levels left.
You didn't know any spells.

Dungeon Overview and Level Annotations

Branches:
Dungeon (9/15)             Temple (1/1) D:5
   Lair: D:8-11         Orc: D:9-12

Altars:
Ashenzari
Cheibriados
Elyvilon
Fedhas
Gozag
Kikubaaqudgha
Makhleb
Nemelex Xobeh
Okawaru
Pakellas
Qazlal
Ru
Sif Muna
Trog
Vehumet
Xom
Yredelemnul
Zin
The Shining One


Innate Abilities, Weirdness & Mutations

You cannot wear most types of armour.
You are amphibious.
You can wear up to eight rings at the same time.
You can use your tentacles to constrict eight enemies at once.
Your skin changes colour to match your surroundings (Stealth).
Your rubbery body absorbs attacks (AC +1).
You tend to lose your temper in combat.
Your mind is acute. (Int +2)
Your magical capacity is low (-10% MP).
You are resistant to hostile enchantments.
You passively map a small area around you.


Message History

* * * LOW HITPOINT WARNING * * *
You block the harpy's attack.
Evoke which item? (* to show all) (? for menu, Esc to quit)
Zapping:
c - a wand of enslavement (5/24)
Press: ? - help, Shift-Dir - straight line, f - harpy
Aim: a harpy (chance to defeat MR: 52%)
The harpy is charmed.
This wand has 4 charges left.
What do you say? t - Shout!
Orders for allies: a - Attack new target. p - Attack previous target. r - Retreat! s - Stop attacking. w - Wait here. f - Follow me.
Anything else - Stay silent.
Wait here!
There is a stone staircase leading down here.
The fire dragon breathes flames at you. The blast of flame hits you!
Ouch! That really hurt!
You die...
Xom cackles wildly!

##........#..#...................
############.#..........(#######<
# #..................# #... #
#.......##.###'#'#.# #.## #
#........#.....#...# ##'##
#######......#.#......#### #...†
.............#.....##.# #..(.
....................#.# #....
................@H..#'#######....
........#####...............'....
........#####D####........###....
########.....[............#######
#.....[[.#.........#..((..
#..(...............#....<.
#...####.##........#...... #...#
#.###########...... #...# #.# ###
#......


You could see a fire dragon and a friendly harpy.

Vanquished Creatures
  Maurice (D:8)
  The ghost of namelastname112 the Skirmisher, an amateur DrWn (Sewer)
  A wyvern (D:9)
  A hungry ghost (D:8)
  Duvessa (D:7)
  An ice beast (D:6)
  2 orc warriors
  A sky beast (D:5)
  2 ogres
  3 centaurs
  A big kobold (Sewer)
  Blork the orc (D:5)
  A gnoll sergeant (D:5)
  A wyvern zombie (D:7)
  7 giant frogs
  Dowan (D:7)
  A water moccasin skeleton (D:6)
  2 scorpions
  10 killer bees
  7 wights
  A howler monkey (D:4)
  2 quasits
  A centaur skeleton (D:4)
  5 hounds
  2 jellies
  4 orc wizards
  Crazy Yiuf (D:4)
  3 gnoll shamans (D:5)
  An orc priest (D:4)
  A giant frog skeleton (D:5)
  An iguana (D:7)
  6 worker ants
  A hound zombie (D:5)
  A hound skeleton (D:6)
  36 gnolls (D:5)
  12 adders
  A river rat (Sewer)
  A shadow imp (D:5)
  An ooze (D:6)
  An adder skeleton (D:4)
  An adder zombie (D:5)
  2 worms
  2 dart slugs
  7 giant geckos
  28 orcs
  3 giant cockroaches
  8 goblins
  5 hobgoblins (D:1)
  25 jackals
  11 kobolds
  4 quokkas
  A ball python (D:5)
  6 bats
  A giant cockroach zombie (D:5)
  A giant gecko zombie (D:5)
  2 giant newts
  11 rats
246 creatures vanquished.

Vanquished Creatures (collateral kills)
  A wight (D:8)
  2 orc wizards
  2 gnolls (D:5)
  2 orcs
7 creatures vanquished.

Vanquished Creatures (others)
  A steam dragon (D:8)
  A centaur (D:5)
  An ogre (D:5)
  A crocodile (D:5)
  A wight (D:7)
  A howler monkey (D:5)
  2 gnolls (D:5)
8 creatures vanquished.

Grand Total: 261 creatures vanquished

Notes
Turn   | Place    | Note
--------------------------------------------------------------
     0 | D:1      | M4edhros the Octopode Artificer began the quest for the Orb.
     0 | D:1      | Reached XP level 1. HP: 13/13 MP: 3/3
   116 | D:1      | Reached skill level 2 in Stealth
   189 | D:1      | Reached XP level 2. HP: 9/18 MP: 4/4
   972 | D:1      | Reached skill level 3 in Stealth
   972 | D:1      | Reached XP level 3. HP: 19/23 MP: 5/5
  1015 | D:1      | Reached skill level 1 in Slings
  1603 | D:2      | Reached skill level 4 in Stealth
  1603 | D:2      | Reached XP level 4. HP: 21/28 MP: 6/6
  1649 | D:2      | Found a snail-covered altar of Cheibriados.
  1650 | D:2      | Found a glowing silver altar of Zin.
  1993 | D:2      | Found a glowing golden altar of the Shining One.
  2550 | D:3      | Reached XP level 5. HP: 22/33 MP: 7/7
  2671 | D:3      | Found an oddly glowing altar of Pakellas.
  2909 | D:4      | Reached skill level 5 in Stealth
  3277 | D:4      | Reached skill level 6 in Stealth
  3277 | D:4      | Reached XP level 6. HP: 32/38 MP: 8/8
  3302 | D:4      | Noticed Crazy Yiuf
  3308 | D:4      | Killed Crazy Yiuf
  4021 | D:4      | Reached skill level 7 in Stealth
  4021 | D:4      | Reached XP level 7. HP: 43/43 MP: 9/9
  4386 | D:4      | Got a jewelled spear
  4387 | D:4      | Identified the +7 spear of Ru's Hope {flame, Str+4} (You found it on level 4 of the Dungeon)
  4423 | D:5      | Entered Level 5 of the Dungeon
  4466 | D:5      | Found a staircase to the Ecumenical Temple.
  4495 | D:5      | HP: 2/43 [centaur (4)]
  4507 | D:5      | Reached skill level 1 in Polearms
  4667 | D:5      | Found a snail-covered altar of Cheibriados.
  4714 | D:5      | Reached skill level 8 in Stealth
  4815 | D:5      | Found a glowing drain.
  4821 | Sewer    | Entered a sewer
  4866 | Sewer    | Noticed namelastname112's ghost (amateur DrWn)
  4881 | Sewer    | Killed namelastname112's ghost
  4881 | Sewer    | Reached XP level 8. HP: 25/48 MP: 10/10
  5072 | Sewer    | Reached skill level 9 in Stealth
  5089 | Sewer    | Found a white marble altar of Elyvilon.
  5158 | D:5      | Noticed Blork the orc
  5166 | D:5      | Killed Blork the orc
  5167 | D:5      | Found a deep blue altar of Sif Muna.
  5594 | D:5      | Reached skill level 5 in Dodging
  5784 | Temple   | Entered the Ecumenical Temple
  5796 | Temple   | Became a worshipper of Xom of Chaos
  5862 | Temple   | XOM: harmless Chrm miscast
  6232 | D:5      | XOM: harmless Pois miscast
  6468 | D:5      | XOM: harmless Summ miscast
  6485 | D:5      | XOM: silly message
  6489 | D:5      | XOM: potion effect (berserk rage)
  6492 | D:5      | Reached skill level 10 in Stealth
  6535 | D:5      | Reached skill level 5 in Slings
  6832 | D:5      | Reached XP level 9. HP: 53/53 MP: 11/11
  6836 | D:5      | XOM: potion effect (berserk rage)
  6891 | D:5      | XOM: silly message
  6990 | D:5      | XOM: cast spell 'Confusing Touch'
  7001 | D:5      | Gained mutation: Your magical capacity is low (-10% MP). [mutagenic meat]
  7002 | D:5      | Gained mutation: You are resistant to hostile enchantments. [mutagenic meat]
  7003 | D:5      | Gained mutation: Your body sometimes deteriorates upon taking damage. [mutagenic meat]
  7004 | D:5      | Gained mutation: You passively map a small area around you. [mutagenic meat]
  7005 | D:5      | Gained mutation: Your muscles are strong. (Str +2) [mutagenic meat]
  7313 | D:6      | XOM: potion effect (agility)
  7372 | D:6      | XOM: polymorph gnoll sergeant -> ogre
  7453 | D:6      | XOM: butterfly on damage
  7637 | D:5      | XOM: polymorph ogre -> golden eye
  7638 | D:5      | XOM: harmless Necr miscast
  7666 | D:5      | XOM: polymorph golden eye -> crocodile
  7667 | D:5      | XOM: enchant monster (bad)
  7672 | D:5      | XOM: divine lightning (protected)
  8004 | D:6      | XOM: harmless Hex miscast
  8103 | D:6      | XOM: noise
  8291 | D:5      | XOM: give mutation
  8291 | D:5      | Lost mutation: Your body sometimes deteriorates upon taking damage. [Xom's mischief]
  8340 | D:5      | XOM: mild Trmt miscast
  8707 | D:5      | XOM: god gift: potion of curing
  8845 | D:5      | XOM: harmless Divn miscast
  9058 | D:5      | XOM: colour smoke trail
  9380 | D:5      | XOM: noise
  9409 | D:5      | XOM: cast spell 'Chain of Chaos'
  9410 | D:5      | XOM: fake destruction
  9519 | Temple   | XOM: god gift: slice of pizza
  9729 | Temple   | XOM: god gift: long jewelled staff {god gift}
  9801 | Temple   | XOM: god gift: gold wand {god gift}
  9819 | D:5      | XOM: noise
  9941 | D:5      | XOM: medium Pois miscast
 10100 | D:6      | Reached skill level 11 in Stealth
 10216 | D:6      | XOM: harmless Divn miscast
 10264 | D:6      | XOM: stat loss: -1 Str (13/17)
 10353 | D:5      | XOM: summons friendly shadow imp
 10359 | D:5      | XOM: destruction
 11275 | Temple   | XOM: divination: detect items
 11387 | Temple   | XOM: 1-stop teleportation journey
 11563 | Temple   | XOM: god gift: thick glowing staff {god gift}
 11639 | D:6      | XOM: cast spell 'Olgreb's Toxic Radiance'
 11648 | D:6      | XOM: mild Conj miscast
 11797 | D:7      | Found a burning altar of Makhleb.
 12248 | D:7      | Found a basalt altar of Yredelemnul.
 12402 | D:7      | Found an opulent altar of Gozag.
 12403 | D:7      | Noticed Duvessa
 12453 | D:7      | XOM: potion effect (invisibility)
 12482 | D:7      | XOM: silly message
 12486 | D:6      | XOM: harmless Air miscast
 12502 | D:7      | Reached skill level 12 in Stealth
 12543 | D:7      | XOM: potion effect (heal wounds)
 12563 | D:7      | Killed Duvessa
 12563 | D:7      | Reached skill level 5 in Polearms
 12574 | D:7      | Noticed Dowan
 12591 | D:7      | Killed Dowan
 12591 | D:7      | Reached XP level 10. HP: 48/58 MP: 11/11
 12828 | D:5      | XOM: confusion
 12923 | D:5      | XOM: silly message
 13087 | D:5      | XOM: colour smoke trail
 13237 | D:5      | XOM: polymorph black bear -> hog
 13292 | D:5      | XOM: harmless Summ miscast
 13410 | D:5      | XOM: colour smoke trail
 13482 | Temple   | XOM: 2-stop teleportation journey
 13624 | D:5      | Noticed a fire dragon
 15055 | Temple   | XOM: harmless Necr miscast
 15136 | Temple   | XOM: harmless Air miscast
 15276 | D:5      | XOM: divination: detect creatures
 15400 | D:5      | XOM: harmless Necr miscast
 15522 | D:5      | XOM: medium Ice miscast
 15830 | Temple   | XOM: divination: detect creatures
 15905 | Temple   | XOM: god gift: 14 royal jellies
 16051 | Temple   | XOM: 1-stop teleportation journey
 16401 | Temple   | XOM: god gift: 37 gold pieces
 16570 | Temple   | XOM is BORED!
 16570 | Temple   | XOM: medium Ice miscast
 16708 | D:5      | XOM: medium Trmt miscast
 16831 | D:5      | XOM: colour smoke trail
 17910 | D:5      | XOM: mild Necr miscast
 18113 | D:8      | XOM: 4-stop teleportation journey
 18114 | D:8      | Noticed Maurice
 18123 | D:8      | XOM: chaos upgrade
 18125 | D:8      | Killed Maurice
 18125 | D:8      | Reached skill level 13 in Stealth
 18140 | D:8      | XOM: harmless Summ miscast
 18314 | D:8      | XOM: god gift: 13 bolts of frost
 18738 | Temple   | XOM: god gift: 4 gold pieces
 18944 | D:8      | Found a white marble altar of Elyvilon.
 19095 | D:9      | XOM: smoke on damage
 19096 | D:9      | XOM: blink monster(s)
 19425 | D:9      | Lost mutation: Your muscles are strong. (Str +2) [potion of mutation]
 19425 | D:9      | Gained mutation: Your mind is acute. (Int +2) [potion of mutation]
 19425 | D:9      | Gained mutation: You tend to lose your temper in combat. [potion of mutation]
 19556 | D:6      | XOM: silly message
 19585 | D:5      | Noticed a harpy
 19585 | D:5      | a black bear changed into a harpy
 19585 | D:5      | XOM: polymorph black bear -> harpy
 19589 | D:5      | Killed from afar by a fire dragon

Vault maps used:
D:1:      dpeg_arrival_snail
D:2:      tso_oasis_becter, nicolae_overflow_hidden_temple, first_bread,
          minmay_gold_behind_fungi
D:3:      grunt_pakellas_basics
D:4:      uniq_crazy_yiuf_cottage
D:5:      lemuel_castle_with_subvaults, tgw_sif, gup_sewer_entry_bowl,
          cheibriados_altar_1
D:7:      lemuel_crystal_altar, overflow_temple_1_default, old_standard_altar,
          uniq_duvessa
D:8:      elyvilon_altar_3, uniq_maurice
D:9:      nicolae_dithmenos_through_a_glass_darkly, lair_0_dummy,
          grunt_ogre_cave, trog_three_pillars_becter
Temple:   circular_temple_12
Sewer:    sewer_kobolds

Skill      XL: |  1  2  3  4  5  6  7  8  9 10 |
---------------+-------------------------------+-----
Stealth        | 2 3 4 6 7 8 10 12 13 | 13.4
Slings         | 1 2 3 4 5 6 7 |  7.1
Dodging        | 3 4 5 6 7 |  7.1
Polearms       | 2 3 5 |  5.7
Fighting       | |  1.0
Short Blades   | |  1.0
Evocations     | |  3.2

Action                   |  1- 3 |  4- 6 |  7- 9 | 10-12 || total
-------------------------+-------+-------+-------+-------++-------
Melee: Short sword       |    65 |    79 |       |       ||   144
       Quarterstaff      |       |     4 |     4 |       ||     8
       Spear             |       |       |   320 |    85 ||   405
       Halberd           |       |       |     5 |       ||     5
 Fire: Blowgun           |       |    16 |    12 |       ||    28
       Hunting sling     |       |       |     4 |       ||     4
Evoke: Wand              |       |     3 |    12 |     7 ||    22
  Use: Scroll            |       |     2 |     6 |    11 ||    19
       Potion            |       |     4 |     7 |     3 ||    14
 Stab: Sleeping          |     5 |    13 |    25 |    11 ||    54
       Distracted        |       |       |       |     4 ||     4
  Eat: Chunk             |     1 |     7 |    26 |     8 ||    42
       Royal jelly       |       |       |     1 |     2 ||     3
       Meat ration       |       |       |     1 |     1 ||     2
       Pizza             |       |       |     1 |     1 ||     2
       Fruit             |       |       |       |     4 ||     4
